 Dungeon Crawl Stone Soup version 0.30.0-5-g1a98f26d00 (webtiles) character file.

Game seed: 17961588117427492638

65 puppykicker the Shield-Bearer (level 3, 0/36 HPs)
             Began as a Troll Fighter on May 11, 2023.
             Was a Believer of Jiyva.
             Slain by an orc
             ... wielding a +0 flail
              (4 damage)
             ... on level 4 of the Dungeon.
             The game lasted 00:04:15 (1665 turns).

puppykicker the Shield-Bearer (Troll Fighter)       Turns: 1665, Time: 00:04:16

Health: 0/36       AC:  4    Str: 24    XL:     3   Next: 92%
Magic:  2/2        EV:  8    Int:  6    God:    Jiyva [**....]
Gold:   80         SH:  7    Dex:  9    Spells: 2/2 levels left

rFire   . .          .
                       - Unarmed
rCold   . . .        b - +0 kite shield
rNeg    . . .        a - +0 robe
rPois   .            (helmet restricted)
rElec   .            (no cloak)
rCorr   +            (gloves unavailable)
SInv    .            (boots unavailable)
Will    .....        (no amulet)
Stlth   +            (no ring)
HPRegen 2.02/turn    (no ring)
MPRegen 0.38/turn

%: no passive effects
@: no status effects
A: large, unfitting armour, claws 3, regeneration 1, shaggy fur 1, tough skin 1
a: Renounce Religion


You were on level 4 of the Dungeon.
You worshipped Jiyva.
Jiyva was pleased with you.
You visited 1 branch of the dungeon, and saw 4 of its levels.

You collected 80 gold pieces.

Inventory:

Missiles
 m - 3 poisoned darts (quivered)
Armour
 a - a +0 robe (worn)
 b - a +0 kite shield (worn)
Scrolls
 d - a scroll of magic mapping {!r}
 e - a scroll of enchant weapon
 g - a scroll of noise {unknown}
 j - a scroll of immolation {!r}
 k - a scroll of torment {!r}
 l - 2 scrolls of blinking {unknown}
Potions
 c - a potion of might
 f - a potion of mutation {!q}
 h - a potion of curing


   Skills:
 + Level 2.8 Fighting
 + Level 1.0 Armour
 - Level 2.4 Dodging
 + Level 3.1 Shields
 * Level 3.1 Unarmed Combat


You had 2 spell levels left.
You didn't know any spells.
Your spell library contained the following spells:

 Spells                   Type           Power      Damage    Failure   Level
 Anguish                  Hex/Necr       0%         N/A       100%        4
 Cause Fear               Hex            0%         N/A       100%        4
 Enfeeble                 Hex            0%         N/A       100%        7


Dungeon Overview and Level Annotations

Branches:
Dungeon (4/15)
 Temple: D:4-7

Altars:
Jiyva

Shops:
D:1 :

Annotations:
D:4 Eustachio


Innate Abilities, Weirdness & Mutations

You are too large for most types of armour.
You have claws for hands.
Your natural rate of healing is unusually fast.
You are covered in fur. (AC +1)
You have tough skin. (AC +1)


Message History

* * * LOW HITPOINT WARNING * * *
You take 11 damage, and have 11/36 hp.
MASSIVE DAMAGE!!
You closely miss Eustachio. You block the ufetubus's attack.
The ufetubus barely misses you.
The ufetubus hits you but does no damage. x2
The orc hits you with a +0 flail.
* * * LOW HITPOINT WARNING * * *
Eustachio gestures wildly while chanting.
Eustachio blinks!
The crimson imp hits you.
* * * LOW HITPOINT WARNING * * *
The ufetubus hits you but does no damage.
You block the ufetubus's attack. x2; The ufetubus barely misses you.
The rat bites you but does no damage.
You take 6 damage, and have 5/36 hp.
Unknown command.
You closely miss the crimson imp. You block the ufetubus's attack.
The ufetubus barely misses you.
The jelly misses the ufetubus.
You block the ufetubus's attack. The ufetubus hits you.
* * * LOW HITPOINT WARNING * * *
You block the orc's attack.
The crimson imp lashes its tail.
You block the crimson imp's attack. The rat bites you.
* * * LOW HITPOINT WARNING * * *
The ufetubus hits you.
* * * LOW HITPOINT WARNING * * *
The ufetubus barely misses you.
You take 3 damage, and have 2/36 hp.
Unknown command.
You aren't carrying any items that you can evoke.
Unknown command.
Okay, then.
As you read the scroll labelled ILEERI OTTEPP, it crumbles to dust.
The creatures around you are filled with an inner flame!
It was a scroll of immolation.
The ufetubus hits you but does no damage.
You block the ufetubus's attack.
The jelly completely misses the ufetubus.
The orc hits you with a +0 flail.
You die...

#......###......
##...............
#....>...........
#######...............#
#..)..................#
#.#####...........@...#
#.# #..#####..J.....#
#.# #..# #555.....# #.#
#... +.@o.#...## #.#
##.## #.r).#....## #.#
#.# #..........# ##.#
#.# #........... ...#
#.# #........... .###
#........... .#
#........... .#
#.####.?.... .# #.
......


You could see Eustachio (inner flame), a crimson imp (summoned, inner flame), an
orc (inner flame), 2 ufetubi, a rat (summoned, inner flame) and a neutral jelly
(wandering, inner flame) (fellow slime).

Levels and vault maps discovered:
D:1:      saegor_arrival_fortress, layout_basic, nicolae_shop_vocational
D:2:      layout_basic, shapermc_ecumenical_altar_ellora
D:3:      layout_basic
D:4:      layout_basic, tgw_xom, minmay_temple_entry_drinking_statues,
          serial_shops, nicolae_shop_pleasant_corner_grove,
          guppyfry_early_lair_pool, uniq_eustachio

Notes
Turn   | Place    | Note
-------+----------+-------------------------------------------
     0 | D:1      | puppykicker the Troll Fighter began the quest for the Orb.
     0 | D:1      | Reached XP level 1. HP: 22/22 MP: 0/0
    77 | D:1      | Identified a +0 club
    85 | D:1      | Reached XP level 2. HP: 29/29 MP: 1/1
    99 | D:1      | Identified a +0 club
   246 | D:1      | Identified a +0 short sword
   284 | D:1      | Found Fewet's Vocational Training.
   646 | D:2      | Reached XP level 3. HP: 36/36 MP: 2/2
   666 | D:2      | Identified a +0 dagger
   666 | D:2      | Identified a +0 leather armour
   673 | D:2      | Reached skill level 3 in Shields
   680 | D:2      | Found a faded altar of an unknown god.
   718 | D:2      | Prayed at the altar of an unknown god.
   718 | D:2      | Became a worshipper of Jiyva Joixepp the Shapeless
   718 | D:2      | Reached * piety under Jiyva
   766 | D:2      | Identified a +0 dagger
  1001 | D:2      | Reached ** piety under Jiyva
  1173 | D:3      | Reached skill level 1 in Armour
  1173 | D:3      | Reached skill level 3 in Unarmed Combat
  1194 | D:3      | Identified a +0 mace
  1194 | D:3      | Identified a +0 ring mail
  1432 | D:3      | Identified a +0 sling
  1477 | D:3      | Identified a +0 short sword
  1484 | D:3      | Identified 6 scrolls of identify
  1484 | D:3      | Identified a potion of degeneration
  1485 | D:3      | Identified a potion of curing
  1487 | D:3      | Identified a potion of mutation
  1488 | D:3      | Identified a scroll of magic mapping
  1489 | D:3      | Identified a scroll of torment
  1490 | D:3      | Identified a scroll of enchant weapon
  1585 | D:4      | Identified a +0 flail
  1636 | D:4      | Identified a +0 trident
  1646 | D:4      | Identified a +0 club
  1647 | D:4      | Identified a +0 rapier
  1647 | D:4      | Identified a +0 leather armour
  1647 | D:4      | Noticed Eustachio
  1649 | D:4      | Identified a +0 flail
  1663 | D:4      | HP: 9/36 [orc/+0 flail (4)]
  1664 | D:4      | HP: 4/36 [rat[Eustachio] (2)]
  1665 | D:4      | Identified 2 scrolls of immolation
  1665 | D:4      | Slain by an orc

Table legend: (Time is in decaauts)
 A = Elapsed time spent in this place.
 B = Non-inter-level travel time spent in this place.
 C = Inter-level travel time spent in this place.
 D = Time resting spent in this place.
 E = Time spent auto-exploring this place.
 F = Levels seen in this place.
 G = Mean time per level.
                   A        B        C        D        E       F      G
               +--------+--------+--------+--------+--------+-----+--------+
         Total |   1671 |   1636 |     35 |      0 |   1363 |   4 |  417.8 |
       Dungeon |   1671 |   1636 |     35 |      0 |   1363 |   4 |  417.8 |
               +--------+--------+--------+--------+--------+-----+--------+

Top non-repeatable levels by time:
     D:1: 645 daAuts
     D:2: 522 daAuts
     D:3: 404 daAuts
     D:4: 99 daAuts

Table legend:
 A = Kills in this place as a percentage of kills in the entire game.
 B = Kills by you in this place as a percentage of kills by you in the entire game.
 C = Kills by friends in this place as a percentage of kills by friends in the entire game.
 D = Other kills in this place as a percentage of other kills in the entire game.
 E = Experience gained in this place as a percentage of experience gained in the entire game.
 F = Experience gained in this place divided by the number of levels of this place that you have seen.
                   A       B       C       D       E      F
               +-------+-------+-------+-------+-------+----------------------
         Total | 100.0 | 100.0 |   N/A |   N/A | 100.0 |  23.2
       Dungeon | 100.0 | 100.0 |   N/A |   N/A | 100.0 |  23.2
               +-------+-------+-------+-------+-------+----------------------

Skill      XL: |  1  2  3 |
---------------+----------+-----
Shields        | 3 |  3.1
Armour         | 1 |  1.0
Unarmed Combat | 3 |  3.1
Fighting       | |  2.8
Dodging        | |  2.4

Action                     || total
---------------------------++-------
  Melee: Unarmed           ||   110
    Use: Scroll            ||     7
   Stab: Sleeping          ||     1
 Armour: Robe              ||    41
  Dodge: Dodged            ||    45
  Block: Kite shield       ||    55

Vanquished Creatures
  3 adders
  3 dart slugs (D:1)
  An orc (D:3)
  2 endoplasms
  3 giant cockroaches
  5 goblins
  4 hobgoblins
  3 jackals (D:1)
  2 kobolds
  3 ball pythons
  2 bats (D:1)
  3 frilled lizards
  3 rats
37 creatures vanquished.

Vanquished Creatures (others)
  An adder (D:4)
  An endoplasm (D:2)
  2 goblins
4 creatures vanquished.

Grand Total: 41 creatures vanquished
